 Dungeon Crawl Stone Soup version 0.24.0-41-g2ae2f7f1be (webtiles) character file.

Game seed: 17285510952777625733, levelgen mode: deterministic

424 ReteAZ the Shield-Bearer (level 6, -6/39 HPs)
             Began as a Gargoyle Fighter on Dec 14, 2019.
             Mangled by a mummy (13 damage)
             ... in an ossuary.
             The game lasted 00:04:05 (2033 turns).

ReteAZ the Shield-Bearer (Gargoyle Fighter)         Turns: 2033, Time: 00:04:06

Health: -6/39      AC: 12    Str: 26    XL:     6   Next: 96%
Magic:  6/6        EV:  8    Int:  9    God:
Gold:   229        SH: 10    Dex:  9    Spells: 5/5 levels left

rFire    . . .     SeeInvis +   a - +0 war axe
rCold    . . .     Gourm    .   c - +0 shield
rNeg     + . .     Faith    .   b - +0 scale mail
rPois    ∞         Spirit   .   (no helmet)
rElec    +         Reflect  .   (no cloak)
rCorr    .         Harm     .   l - +0 pair of gloves
MR       .....                  (no boots)
Stlth    ..........             (no amulet)
HPRegen  0.13/turn              i - ring of see invisible
MPRegen  0.10/turn              (no ring)

@: mighty
A: negative energy resistance 1, electricity resistance, unbreathing,
petrification resistance, rot immunity, AC +4
a: no special abilities


You were in an ossuary.
You were not hungry.

You visited 1 branch of the dungeon, and saw 4 of its levels.
You also visited: Ossuary.

You collected 229 gold pieces.

Inventory:

Hand Weapons
 a - a +0 war axe (weapon)
Missiles
 n - an atropa-tipped dart (quivered)
Armour
 b - a +0 scale mail (worn)
 c - a +0 shield (worn)
 k - the +5 ring mail of the Sun {*Drain MR+ Str+4 Slay+3 SInv, unknown}
   (You found it on level 4 of the Dungeon)

   It affects your strength (+4).
   It affects your accuracy and damage with ranged weapons and melee attacks
   (+3).
   It affects your resistance to hostile enchantments.
   It lets you see invisible.
   It causes draining when unequipped.
 l - a +0 pair of gloves (worn)
Jewellery
 i - a ring of see invisible (left hand)
Wands
 j - a wand of polymorph (3)
Scrolls
 g - a scroll of identify
Potions
 d - 2 potions of might
 e - a potion of flight
 m - a potion of haste
Comestibles
 f - 6 rations
 h - 6 chunks of flesh


   Skills:
 + Level 4.7 Fighting
 * Level 4.3 Axes
 + Level 4.6 Armour
 + Level 4.7 Shields


You had 5 spell levels left.
You didn't know any spells.
Your spell library was empty.

Dungeon Overview and Level Annotations

Branches:
Dungeon (4/15)            Ossuary (1/1)
 Temple: D:4-7

Altars:
Cheibriados
Hepliaklqana


Innate Abilities, Weirdness & Mutations

You are resistant to torment.
Your stone body is resilient. (AC +4)
You are immune to poison.
You resist negative energy. (rN+)
You are resistant to electric shocks. (rElec)
You can survive without breathing.
You are immune to petrification.
You are immune to rotting.


Message History

You slash the gnoll zombie! You slash the mummy!
You block the gnoll zombie's attack.
Unknown command.
You hit the mummy.
The mummy is severely damaged.
Your shield and scale mail prevent you from hitting the mummy.
You slash the gnoll zombie!
You destroy the gnoll zombie!
You hit the gnoll zombie.
You destroy the gnoll zombie!
The mummy hits you!
* * * LOW HITPOINT WARNING * * *
You slash the mummy!
You destroy the mummy!
You hit the mummy. You barely miss the mummy. The mummy closely misses you.
Your scale mail prevents you from hitting the mummy.
The mummy is severely damaged.
You slash the mummy! You hit the mummy. The mummy barely misses you.
The mummy hits you!
You die...

....MM.....
........#
......#
#....#
#....#
#....#
#Z...#
#MM..#
#@M..#
#....#
#....#
#.∩∩.#
######


You could see 3 mummies and a big kobold zombie.

Vanquished Creatures
  Duvessa (D:4)
  Dowan (D:4)
  An orc priest (D:3)
  Terence (D:2)
  An orc wizard (D:3)
  Natasha (thrice) (D:3)
  A mummy (Ossuary)
  4 adders
  2 worms (D:2)
  A dart slug (D:2)
  A leopard gecko (D:1)
  3 orcs (D:3)
  5 giant cockroaches
  2 gnoll zombies (Ossuary)
  4 goblins
  3 hobgoblins
  2 jackals (D:2)
  6 kobolds
  A quokka (D:4)
  6 bats
  4 frilled lizards
  3 hobgoblin zombies (Ossuary)
  A kobold zombie (Ossuary)
  An orc zombie (Ossuary)
  6 rats
64 creatures vanquished.

Notes
Turn   | Place    | Note
-------+----------+-------------------------------------------
     0 | D:1      | ReteAZ the Gargoyle Fighter began the quest for the Orb.
     0 | D:1      | Reached XP level 1. HP: 14/14 MP: 1/1
   142 | D:1      | Reached XP level 2. HP: 17/19 MP: 2/2
   886 | D:2      | Reached XP level 3. HP: 22/23 MP: 3/3
  1138 | D:2      | Found a hazy altar of Hepliaklqana.
  1138 | D:2      | Found a snail-covered altar of Cheibriados.
  1159 | D:2      | Noticed Terence
  1173 | D:2      | Killed Terence
  1173 | D:2      | Reached XP level 4. HP: 25/29 MP: 4/4
  1511 | D:3      | Noticed Natasha
  1516 | D:3      | Killed Natasha
  1681 | D:3      | Reached XP level 5. HP: 33/33 MP: 5/5
  1699 | D:3      | Noticed Natasha
  1730 | D:3      | HP: 1/49 [Natasha/magic dart (6)]
  1732 | D:3      | Killed Natasha
  1903 | D:3      | Noticed Natasha
  1919 | D:3      | Killed Natasha
  1919 | D:3      | Reached XP level 6. HP: 19/38 MP: 6/6
  1924 | D:3      | You fall into a shaft and drop 1 floor!
  1929 | D:4      | Found a sand-covered staircase.
  1961 | D:4      | Noticed Duvessa
  1974 | D:4      | Killed Duvessa
  1976 | D:4      | Noticed Dowan
  1982 | D:4      | Killed Dowan
  2000 | D:4      | Got a pitted ring mail
  2007 | Ossuary  | Entered an ossuary
  2033 | Ossuary  | Mangled by a mummy

Levels and vault maps discovered:
D:1:      dpeg_arrival_connections, layout_basic
D:2:      layout_loops_ring, gammafunk_temple_overflow_pools, uniq_terence
D:3:      layout_basic, first_ration, uniq_natasha
D:4:      layout_cave_pools, enter_ossuary_3, uniq_duvessa
Ossuary:  ossuary_tomb_3

Skill      XL: |  1  2  3  4  5  6 |
---------------+-------------------+-----
Axes           | 2 3 4 |  4.3
Shields        | 4 |  4.7
Fighting       | 4 |  4.7
Armour         | 4 |  4.6

Action                   |  1- 3 |  4- 6 || total
-------------------------+-------+-------++-------
Melee: War axe           |   115 |   116 ||   231
       Unarmed           |       |     4 ||     4
Throw: Dart              |       |     5 ||     5
  Use: Potion            |       |     5 ||     5
       Scroll            |       |     2 ||     2
  Eat: Chunk             |     1 |     3 ||     4
Armor: Scale mail        |    58 |    42 ||   100
       Skin              |       |    18 ||    18
Dodge: Dodged            |    37 |    31 ||    68
Block: Shield            |    59 |    64 ||   123
